 Dungeon Crawl Stone Soup version 0.31-a0-188-g5e087ee2ca (webtiles) character file.

Game seed: 6468402963099968843

127 qw the Skirmisher (level 4, -9/25 HPs)
             Began as a Deep Elf Hunter on June 23, 2023.
             Was an Initiate of Okawaru.
             Mangled by an ice beast (12 damage)
             ... on level 4 of the Dungeon.
             The game lasted 00:01:26 (2817 turns).

qw the Skirmisher (Deep Elf Hunter)                 Turns: 2817, Time: 00:01:26

Health: -9/25      AC:  7    Str:  8    XL:     4   Next: 85%
Magic:  6/6        EV: 10    Int: 14    God:    Okawaru [......]
Gold:   234        SH:  0    Dex: 18    Spells: 3/3 levels left

rFire   . . .        Y - +0 shortbow (heavy)
rCold   . . .        (shield currently unavailable)
rNeg    + + +        d - +3 ring mail
rPois   .            a - +2 hat "Koorchem" {*Slow rN+++ Str-2 Slay+5}
rElec   .            (no cloak)
rCorr   .            (no gloves)
SInv    .            (no boots)
Will    +....        (no amulet)
Stlth   +            i - ring of willpower
HPRegen 0.24/turn    (no ring)
MPRegen 0.10/turn

%: slow self (1%)
@: no status effects
A: deformed body, MP-powered wands
a: Renounce Religion


You were on level 4 of the Dungeon.
You worshipped Okawaru.
Okawaru was noncommittal.
You visited 1 branch of the dungeon, and saw 4 of its levels.

You collected 234 gold pieces.


Innate Abilities, Weirdness & Mutations

Armour fits poorly on your strangely shaped body.
You expend magic power (3 MP) to strengthen your wands.


   Skills:
 - Level 1.5 Fighting
 + Level 8.3 Ranged Weapons
 - Level 2.4 Dodging
 - Level 1.2 Stealth


You had 3 spell levels left.
You didn't know any spells.
Your spell library was empty.

Inventory:

Hand Weapons
 Y - a +0 heavy shortbow (weapon)
Armour
 a - the +2 hat "Koorchem" (worn) {*Slow rN+++ Str-2 Slay+5}
   (You acquired it on level 2 of the Dungeon)

   Str:       It affects your strength (-2).
   Slay:      It affects your accuracy & damage with ranged weapons and melee
   (+5).
   rN:        It renders you almost immune to negative energy.
   *Slow:     It may slow you when you take damage.
 d - a +3 ring mail (worn)
Jewellery
 i - a ring of willpower (left hand)
Scrolls
 c - a scroll of identify
Potions
 b - 2 potions of brilliance {unknown}
 e - a potion of mutation
 f - a potion of curing {unknown}
 g - a potion of magic {unknown}
 l - a potion of cancellation {unknown}

Dungeon Overview and Level Annotations

Branches:
Dungeon (4/15)
 Temple: D:4-7

Altars:
Okawaru

Annotations:
D:2 1 runed translucent door, Crazy Yiuf
D:3 2 runed translucent doors, qw's ghost, weakling DEHu
D:4 2 transporters, qw's ghost, amateur NaHu


Message History

The arrow barely misses the ball python.
An orc comes into view. It is wielding a +0 club.
The orc moves out of view.
You shoot an arrow. The arrow hits the ball python!
You kill the ball python!
Okawaru accepts your kill.
The orc shouts!
Enter note:
Enter note:
Enter note:
Enter note:
Enter note:
Enter note:
Enter note:
Enter note: You shoot an arrow.
The arrow hits the orc.
The orc is almost dead.
You shoot an arrow. The arrow hits the orc.
You kill the orc!
Okawaru accepts your kill.
You see here a +0 club.
An ice beast comes into view.
Enter note:
Enter note:
Enter note:
Enter note:
Enter note:
Enter note: You shoot an arrow.
The arrow hits the ice beast.
The ice beast is lightly wounded.
You shoot an arrow. The arrow barely misses the ice beast.
You shoot an arrow. The arrow barely misses the ice beast.
You shoot an arrow. The arrow hits the ice beast.
The ice beast is moderately wounded.
The ice beast hits you. The ice beast freezes you.
You shoot an arrow. The arrow barely misses the ice beast.
The ice beast hits you. The ice beast freezes you!
Ouch! That really hurt!
The ice beast hits you. The ice beast freezes you!
You die...

#........# ##......##
#.....)#####
#..........##
#......>....##
#.............#
#.............#
#.............###
#..#...........@#
..#..........##.Y.....#
##..........#####......
..........# ......
.......## ...$. ......
..... ....# .... ...#
....


You could see an ice beast.

Vanquished Creatures
  A jelly (D:4)
  4 adders
  3 worms
  2 dart slugs
  An orc (D:4)
  4 ball pythons
  8 endoplasms
  3 giant cockroaches
  4 goblins
  2 hobgoblins
  3 jackals (D:1)
  3 bats
  3 frilled lizards
  3 kobolds
  6 rats
50 creatures vanquished.

Notes
Turn   | Place    | Note
-------+----------+-------------------------------------------
     0 | D:1      | qw the Deep Elf Hunter began the quest for the Orb.
     0 | D:1      | Reached XP level 1. HP: 12/12 MP: 3/3
     0 | D:1      | 0 ||| qw: Version: 0.3-a-9-g12657ce
     0 | D:1      | 0 ||| qw: Game counter: 3313
     0 | D:1      | 0 ||| qw: Always use a shield: true
     0 | D:1      | 0 ||| qw: God list: Okawaru
     0 | D:1      | 0 ||| qw: Allow faded altars: false
     0 | D:1      | 0 ||| qw: Do Orc after D:15 true
     0 | D:1      | 0 ||| qw: Do second Lair branch before Depths: true
     0 | D:1      | 0 ||| qw: Lair rune preference: random
     0 | D:1      | 0 ||| qw: Plans: Normal
     0 | D:1      | 0 ||| PLANNING D:1-11
   194 | D:1      | 194 ||| FLEEEEING.
   195 | D:1      | 195 ||| FLEEEEING.
   196 | D:1      | 196 ||| FLEEEEING.
   197 | D:1      | 197 ||| FLEEEEING.
   198 | D:1      | 198 ||| FLEEEEING.
   199 | D:1      | 199 ||| FLEEEEING.
   200 | D:1      | 200 ||| FLEEEEING.
   201 | D:1      | 201 ||| FLEEEEING.
   205 | D:1      | Reached XP level 2. HP: 15/16 MP: 4/4
   227 | D:1      | Reached skill level 6 in Ranged Weapons
   343 | D:1      | Found a faded altar of an unknown god.
   918 | D:1      | 918 ||| UPGRADING to +0 ring mail.
   928 | D:1      | 928 ||| DROPPING +0 leather armour.
   929 | D:1      | 929 ||| DROPPING scroll of butterflies.
  1100 | D:2      | Reached XP level 3. HP: 20/20 MP: 5/5
  1371 | D:2      | Found a runed translucent door.
  1372 | D:2      | Noticed Crazy Yiuf
  1497 | D:2      | 1497 ||| UPGRADING to ring of willpower.
  1498 | D:2      | 1498 ||| READING scroll labelled NAZIEW YKHASE.
  1498 | D:2      | Identified a scroll of acquirement
  1498 | D:2      | 1498 ||| ACQUIRING +2 hat "Koorchem" {*Slow rN+++ Str-2
                  | Slay+5}
  1498 | D:2      | Acquired the +2 hat "Koorchem" {*Slow rN+++ Str-2 Slay+5}
  1500 | D:2      | 1500 ||| UPGRADING to +2 hat "Koorchem" {*Slow rN+++ Str-2
                  | Slay+5}.
  1505 | D:2      | 1505 ||| READING 3 scrolls labelled JEPUGAATAD.
  1506 | D:2      | 1506 ||| READING 2 scrolls of enchant armour.
  1506 | D:2      | 1506 ||| ENCHANTING +0 ring mail.
  1507 | D:2      | 1507 ||| READING scroll of enchant armour.
  1507 | D:2      | 1507 ||| ENCHANTING +1 ring mail.
  1508 | D:2      | 1508 ||| READING scroll labelled GIBUGR HIMMAMARPH.
  1509 | D:2      | 1509 ||| READING scroll labelled NEWAYTROUL.
  1510 | D:2      | 1510 ||| READING scroll labelled UWNAON OLUSHRAM.
  1511 | D:2      | 1511 ||| READING scroll labelled ALUARCH NYIXI.
  1632 | D:3      | Reached skill level 7 in Ranged Weapons
  1740 | D:3      | Found a large runed translucent door.
  1740 | D:3      | Found a large runed translucent door.
  1742 | D:3      | Noticed qw's ghost (weakling DEHu)
  1771 | D:3      | 1771 ||| READING scroll of enchant armour.
  1771 | D:3      | 1771 ||| ENCHANTING +2 ring mail.
  1898 | D:3      | Found an iron altar of Okawaru.
  1899 | D:3      | 1899 ||| PLANNING OKAWARU WORSHIP
  1899 | D:3      | 1899 ||| READING scroll labelled SILOVU WACO.
  1900 | D:3      | 1900 ||| DRINKING 2 puce potions.
  1900 | D:3      | Gained mutation: Armour fits poorly on your strangely
                  | shaped body. [potion of mutation]
  1900 | D:3      | Gained mutation: You expend magic power (3 MP) to
                  | strengthen your wands. [potion of mutation]
  1908 | D:3      | Became a worshipper of Warmaster Okawaru
  1909 | D:3      | 1909 ||| PLANNING D:1-11
  2595 | D:3      | 2595 ||| Stepping randomly (stuck).
  2621 | D:4      | Noticed qw's ghost (amateur NaHu)
  2621 | D:4      | Found a transporter.
  2622 | D:4      | Found a transporter.
  2642 | D:4      | Reached XP level 4. HP: 25/25 MP: 6/6
  2742 | D:4      | Reached skill level 8 in Ranged Weapons
  2812 | D:4      | Noticed an ice beast
  2817 | D:4      | HP: 4/25 [ice beast (14)]
  2817 | D:4      | Mangled by an ice beast

Levels and vault maps discovered:
D:1:      noname_arrival_rooms_in_the_neighbourhood, layout_basic,
          hellmonk_ecumenical_altar_heavens_door, minmay_misc_feat_rows
D:2:      layout_rooms, uniq_crazy_yiuf_cottage
D:3:      layout_loops_cross, okawaru_ov_weapons_minmay,
          ebering_ghost_disaster_area
D:4:      layout_cave_pods, overflow_temple_1_default, gammafunk_ghost_mausoleum

Skill      XL: |  1  2  3  4 |
---------------+-------------+-----
Ranged Weapons | 6 7 8 |  8.3
Fighting       | |  1.5
Dodging        | |  2.4
Stealth        | |  1.2

Action                     |  1- 3 |  4- 6 || total
---------------------------+-------+-------++-------
   Fire: Shortbow          |    97 |    21 ||   118
    Use: Scroll            |    10 |       ||    10
         Potion            |     1 |       ||     1
 Armour: Leather armour    |     3 |       ||     3
         Ring mail         |    10 |     1 ||    11
  Dodge: Dodged            |    12 |       ||    12

Table legend:
 A = Non-vault XP
 B = Vault XP
 C = Vault XP percentage of total XP
 D = Non-vault monster count
 E = Vault monster count
 F = Vault count percentage of total count
                 A         B        C        D         E       F
            +---------+---------+-------+---------+---------+-------
      Total |     182 |       0 |   0.0 |      50 |       0 |   0.0
            +---------+---------+-------+---------+---------+-------
        D:1 |      33 |       0 |   0.0 |      19 |       0 |   0.0
        D:2 |      15 |       0 |   0.0 |       7 |       0 |   0.0
        D:3 |      42 |       0 |   0.0 |      15 |       0 |   0.0
        D:4 |      92 |       0 |   0.0 |       9 |       0 |   0.0
            +---------+---------+-------+---------+---------+-------
